AoeStats
← WalkReyPok

Nomad

508122123Analyzed
3v3 RM · 10d ago on Sep 21, 2026· 59m 55s· 6 players
Game mode
Random Map
Map size
210×210
Population
200
Speed
Normal
Resources
Standard
Victory
Conquest
Starting age
Dark Age
Ending age
Imperial Age
RankedLock teamsTeams togetherTeam positionsShared explorationLock speedFull tech treeHidden civsTurbo modeCheats
Victory
Defeat
🇺🇸 Huns · United States
958
+16
🇵🇪 Persians · Peru
950
+16
🇵🇹 Portuguese · Portugal
914
+16
🇦🇷 Italians · Argentina
951
-16
🇦🇷 Huns · Argentina
951
-16
🇦🇷 Vietnamese · Argentina
944
-16
saffronink
4:21 Loom
17:05 Feudal Age
18:19 Double-Bit Axe
18:31 Fishing Lines
21:31 Castle Age
19:25 Stone Mining
20:57 Gold Mining
20:51 Horse Collar
23:03 Bow Saw
23:32 Gold Shaft Mining
23:00 Heavy Plow
22:53 Gillnets
25:59 Fletching
26:47 Wheelbarrow
26:47 Bodkin Arrow
26:40 Town Watch
28:14 Scale Barding Armor
29:56 Hand Cart
34:53 Imperial Age
34:41 Chain Barding Armor
34:32 Forging
36:15 Plate Barding Armor
35:53 Bloodlines
35:04 Cavalier
35:45 Husbandry
36:06 Light Cavalry
37:01 Hussar
38:12 Conscription
38:44 Paladin
40:02 Iron Casting
40:13 Ballistics
40:04 Masonry
41:55 Blast Furnace
50:43 Coinage
50:35 Bracer
54:46 Banking
57:27 Chemistry
58:50 Spies/Treason
Keyser_Soze
6:18 Loom
17:14 Feudal Age
17:26 Man-at-Arms
25:17 Castle Age
23:42 Double-Bit Axe
23:43 Horse Collar
26:57 Long Swordsman
28:37 Fletching
31:06 Bodkin Arrow
39:49 Wheelbarrow
40:53 Scale Barding Armor
40:59 Forging
43:23 Imperial Age
41:26 Masonry
42:29 Hand Cart
42:32 Pikeman
44:21 Scale Mail Armor
44:38 Murder Holes
45:08 Heavy Plow
46:27 Bow Saw
48:04 Chemistry
50:18 Architecture
50:03 Bloodlines
51:06 Halberdier
51:22 Two-Handed Swordsman
52:56 Block Printing
52:52 Fervor
52:22 Champion
54:11 Gold Mining
54:11 Stone Mining
56:44 Chain Mail Armor
56:50 Chain Barding Armor
57:06 Iron Casting
57:27 Circumnavigation
57:35 Gambesons
59:08 Ballistics
58:44 Murder Holes
59:00 Fortified Wall
60:40 Plate Mail Armor
60:46 Plate Barding Armor
61:12 Blast Furnace
59:55 Capped Ram
waltergriebenow
10:57 Loom
15:09 Feudal Age
20:04 Scale Barding Armor
20:10 Forging
22:21 Castle Age
20:13 Double-Bit Axe
20:10 Horse Collar
20:24 Gold Mining
20:19 Fishing Lines
22:53 Bloodlines
23:53 Chain Barding Armor
22:58 Light Cavalry
24:18 Iron Casting
25:28 Fletching
25:38 Padded Archer Armor
31:36 Wheelbarrow
31:29 Parthian Tactics
31:23 Leather Archer Armor
31:10 Bodkin Arrow
33:29 Kamandaran
34:16 Bow Saw
34:29 Ballistics
34:26 Leather Archer Armor
35:20 Elite Skirmisher
37:13 Hand Cart
41:16 Heavy Plow
43:08 Thumb Ring
45:43 Imperial Age
43:00 Crossbowman
44:28 Husbandry
46:01 Cavalier
47:57 Chemistry
47:55 Plate Barding Armor
48:22 Gold Shaft Mining
51:02 Ring Archer Armor
50:39 Stone Mining
51:09 Savar
52:56 Blast Furnace
52:09 Hussar
53:53 Two-Man Saw
53:25 Crop Rotation
53:32 Stone Shaft Mining
53:09 Masonry
57:24 Architecture
56:51 Murder Holes
60:18 Conscription
emistanoff
4:39 Loom
14:02 Feudal Age
15:11 Double-Bit Axe
21:39 Castle Age
24:29 Wheelbarrow
23:40 Town Watch
24:45 Gold Mining
24:46 Stone Mining
27:00 Fishing Lines
28:40 Horse Collar
31:02 Heavy Plow
31:40 Murder Holes
31:56 Masonry
33:05 Ballistics
35:50 Imperial Age
33:52 Pikeman
34:44 Scale Barding Armor
34:50 Forging
38:03 Bow Saw
39:45 Husbandry
39:55 Bloodlines
45:25 Halberdier
46:51 Iron Casting
46:16 Scale Mail Armor
46:38 Chain Barding Armor
WalkReyPok
15:09 Feudal Age
16:22 Fishing Lines
16:37 Loom
17:08 Double-Bit Axe
20:25 Castle Age
19:15 Gold Mining
19:15 Stone Mining
19:52 Padded Archer Armor
19:42 Fletching
21:29 Wheelbarrow
21:18 Crossbowman
24:44 Pikeman
27:30 Squires
33:18 Leather Archer Armor
40:13 Bloodlines
39:23 Light Cavalry
41:50 Bodkin Arrow
lucas.tapiales
5:06 Loom
15:20 Feudal Age
16:04 Double-Bit Axe
16:39 Fishing Lines
22:55 Castle Age
23:28 Gillnets
23:50 Pikeman
25:20 Bow Saw
26:54 Thumb Ring
27:49 Elite Skirmisher
29:17 Forging
29:08 Scale Mail Armor
28:59 Fletching
29:10 Padded Archer Armor
33:59 Iron Casting
33:40 Chain Mail Armor
33:40 Leather Archer Armor
33:21 Bodkin Arrow
37:52 Ballistics
37:28 Murder Holes
47:15 Imperial Age
47:25 Man-at-Arms
47:27 Halberdier
48:17 Squires
48:02 Arson
48:56 Plate Mail Armor
48:57 Ring Archer Armor
48:28 Bracer
47:52 Imperial Skirmisher
50:29 Paper Money
56:33 Medium Warships
56:56 Medium Warships
Connection lost

Rejoining the realm…

Still unreachable

The connection could not be restored.

Session expired

The server has moved on; the page needs a fresh start.